 Dungeon Crawl Stone Soup version 0.31-a0-187-gba352fbbf7 (webtiles) character file.

Game seed: 16099388540460484968

62 qw the Shooter (level 3, -3/20 HPs)
             Began as a Deep Elf Hunter on June 22, 2023.
             Slain by an iguana (9 damage)
             ... on level 3 of the Dungeon.
             The game lasted 00:00:27 (1264 turns).

qw the Shooter (Deep Elf Hunter)                    Turns: 1264, Time: 00:00:28

Health: -3/20      AC:  5    Str: 10    XL:     3   Next: 85%
Magic:  5/5        EV: 12    Int: 13    God:
Gold:   99         SH:  0    Dex: 18    Spells: 2/2 levels left

rFire   . . .        Y - +0 shortbow
rCold   . . .        (shield currently unavailable)
rNeg    + . .        c - +0 leather armour
rPois   .            (no helmet)
rElec   .            (no cloak)
rCorr   .            g - +0 pair of gloves
SInv    .            j - +0 pair of boots
Will    .....        b - amulet of the acrobat
Stlth   ++           a - ring of positive energy
HPRegen 0.23/turn    (no ring)
MPRegen 0.09/turn

%: acrobat
@: no status effects
A: no striking features
a: no special abilities


You were on level 3 of the Dungeon.
You visited 1 branch of the dungeon, and saw 3 of its levels.

You collected 99 gold pieces.


   Skills:
 - Level 1.5 Fighting
 + Level 7.3 Ranged Weapons
 - Level 2.4 Dodging
 - Level 1.2 Stealth


You had 2 spell levels left.
You didn't know any spells.
Your spell library was empty.

Inventory:

Hand Weapons
 Y - a +0 shortbow (weapon)
Armour
 c - a +0 leather armour (worn)
 g - a +0 pair of gloves (worn)
 j - a +0 pair of boots (worn)
Jewellery
 a - a ring of positive energy (left hand)
 b - an amulet of the acrobat (around neck)
Scrolls
 n - a scroll of teleportation {unknown}
 o - a scroll of brand weapon {unknown}
Potions
 d - a potion of might {unknown}
 e - 2 potions of heal wounds
 f - 2 potions of enlightenment {unknown}
 h - a potion of brilliance {unknown}
 i - a potion of mutation {unknown}
 k - a potion of curing {unknown}
 l - a potion of berserk rage {unknown}
 m - a potion of degeneration {unknown}

Dungeon Overview and Level Annotations

Branches:
Dungeon (3/15)

Altars:

Shops:
D:3 =


Message History

o - a scroll labelled MAWINO WEULLAM
Enter note:
e - 2 potions of heal wounds (gained 1)
Found a stone staircase leading down.
Enter note:
Enter note:
Enter note: You now have 99 gold pieces (gained 15).
A goblin comes into view. It is wielding a +0 club.
The goblin shouts!
Enter note:
Enter note: You shoot an arrow.
The arrow hits the goblin.
The goblin is severely wounded.
You shoot an arrow. The arrow hits the goblin.
You kill the goblin!
An iguana comes into view.
Enter note:
Enter note: You shoot an arrow.
The arrow hits the iguana but does no damage.
The iguana hisses angrily.
A quokka comes into view.
You shoot an arrow. The arrow closely misses the quokka.
You shoot an arrow. The arrow barely misses the quokka.
You shoot an arrow. The arrow completely misses the iguana.
You shoot an arrow. The arrow completely misses the iguana.
The iguana bites you but does no damage.
You shoot an arrow.
The arrow hits the iguana but does no damage.
The iguana bites you!
Ouch! That really hurt!
The iguana bites you.
You shoot an arrow. The arrow hits the iguana.
The iguana is lightly wounded.
The iguana barely misses you.
You shoot an arrow. The arrow hits the iguana.
The iguana is moderately wounded.
The iguana bites you!
You die...

......# ###...# .. #...#
.. #...########+#####.
#.................
#................
#####........... #
##.#.#.....#.#
##.####.#......@lr#
...............#####.##.
.#.####.#...............
#....#...>.#.####....
+....#.....#.# .
#...##.....#.######
#####...##............#
........##........#####
..................##


You could see an iguana and a quokka.

Vanquished Creatures
  3 adders (D:2)
  A worm (D:2)
  2 dart slugs
  An endoplasm (D:3)
  3 giant cockroaches
  2 goblins
  A hobgoblin (D:1)
  3 kobolds
  3 quokkas
  6 ball pythons
  A bat (D:1)
  4 rats
30 creatures vanquished.

Notes
Turn   | Place    | Note
-------+----------+-------------------------------------------
     0 | D:1      | qw the Deep Elf Hunter began the quest for the Orb.
     0 | D:1      | Reached XP level 1. HP: 12/12 MP: 3/3
     0 | D:1      | 0 ||| qw: Version: 0.3-a-9-g12657ce
     0 | D:1      | 0 ||| qw: Game counter: 2662
     0 | D:1      | 0 ||| qw: Always use a shield: true
     0 | D:1      | 0 ||| qw: God list: Okawaru
     0 | D:1      | 0 ||| qw: Allow faded altars: false
     0 | D:1      | 0 ||| qw: Do Orc after D:15 true
     0 | D:1      | 0 ||| qw: Do second Lair branch before Depths: true
     0 | D:1      | 0 ||| qw: Lair rune preference: random
     0 | D:1      | 0 ||| qw: Plans: Normal
     0 | D:1      | 0 ||| PLANNING D:1-11
   170 | D:1      | Reached skill level 6 in Ranged Weapons
   170 | D:1      | Reached XP level 2. HP: 16/16 MP: 4/4
   409 | D:1      | 409 ||| UPGRADING to +0 pair of gloves.
   414 | D:1      | 414 ||| READING scroll labelled MONWEM INOATZ.
   415 | D:1      | 415 ||| DROPPING scroll of butterflies.
   614 | D:2      | Reached XP level 3. HP: 20/20 MP: 5/5
   717 | D:2      | Reached skill level 7 in Ranged Weapons
   749 | D:2      | Found a faded altar of an unknown god.
   845 | D:2      | Identified the +3 mace of the Boiling Point {vamp, *Rage
                  | rPois Int-2 Stlth+}
  1061 | D:2      | 1061 ||| UPGRADING to +0 pair of boots.
  1066 | D:2      | 1066 ||| UPGRADING to amulet of the acrobat.
  1071 | D:2      | 1071 ||| UPGRADING to ring of positive energy.
  1072 | D:2      | 1072 ||| READING scroll labelled FENEAWK KUGH.
  1073 | D:2      | 1073 ||| DRINKING 2 black potions.
  1077 | D:3      | Found Pacur's Jewellery Shoppe.
  1080 | D:3      | 1080 ||| SHOPLISTING +6 ring of strength (504 gold, have
                  | 53).
  1080 | D:3      | 1080 ||| SHOPLISTING amulet of faith (560 gold, have 53).
  1080 | D:3      | 1080 ||| SHOPLISTING ring "Publisan" {Fire Will+ Str+3
                  | Int+3 Slay+3} (879 gold, have 53).
  1080 | D:3      | 1080 ||| SHOPLISTING ring of fire (350 gold, have 53).
  1080 | D:3      | 1080 ||| SHOPLISTING ring of poison resistance (280 gold,
                  | have 53).
  1080 | D:3      | 1080 ||| SHOPLISTING ring of resist corrosion (280 gold,
                  | have 53).
  1080 | D:3      | 1080 ||| SHOPLISTING ring of willpower (350 gold, have 53).
  1264 | D:3      | Slain by an iguana

Levels and vault maps discovered:
D:1:      lemuel_arrival_lava_pool, layout_rooms,
          nicolae_kite_square_tiling_tiny
D:2:      layout_loops_ring, shapermc_ecumenical_altar_notcrosses
D:3:      layout_basic, serial_shops, shop, minmay_tree_intersection

Skill      XL: |  1  2  3 |
---------------+----------+-----
Ranged Weapons | 6 7 |  7.3
Fighting       | |  1.5
Dodging        | |  2.4
Stealth        | |  1.2

Action                     || total
---------------------------++-------
   Fire: Shortbow          ||    83
    Use: Scroll            ||     2
         Potion            ||     1
 Armour: Leather armour    ||     7
  Dodge: Dodged            ||    16

Table legend:
 A = Non-vault XP
 B = Vault XP
 C = Vault XP percentage of total XP
 D = Non-vault monster count
 E = Vault monster count
 F = Vault count percentage of total count
                 A         B        C        D         E       F
            +---------+---------+-------+---------+---------+-------
      Total |      89 |       0 |   0.0 |      30 |       0 |   0.0
            +---------+---------+-------+---------+---------+-------
        D:1 |      16 |       0 |   0.0 |      10 |       0 |   0.0
        D:2 |      60 |       0 |   0.0 |      14 |       0 |   0.0
        D:3 |      13 |       0 |   0.0 |       6 |       0 |   0.0
            +---------+---------+-------+---------+---------+-------
